 Dungeon Crawl Stone Soup version 0.28.0-53-g5a82cb258f (webtiles) character file.

Game seed: 18079033413114561701

14 Tiocfaidh the Sneak (level 2, -1/20 HPs)
             Began as a Ghoul Enchanter on May 21, 2022.
             Slain by an adder (2 damage)
             ... on level 2 of the Dungeon.
             The game lasted 00:05:18 (857 turns).

Tiocfaidh the Sneak (Ghoul Enchanter)                Turns: 857, Time: 00:05:19

Health: -1/20      AC:  2    Str: 11    XL:     2   Next: 45%
Magic:  3/3        EV: 12    Int: 10    God:
Gold:   37         SH:  0    Dex:  9    Spells: 4/4 levels left

rFire   . . .      SeeInvis .   a - +1 dagger
rCold   + . .      Faith    .   (no shield)
rNeg    + + +      Spirit   .   b - +0 robe
rPois   ∞          Reflect  .   (no helmet)
rElec   .          Harm     .   (no cloak)
rCorr   .          Rampage  .   (no gloves)
Will    .....                   (no boots)
Stlth   ++........              (no amulet)
HPRegen 0.00/turn               (no ring)
MPRegen 0.08/turn               (no ring)

@: inhibited regen
A: claws 1, cold resistance 1, negative energy resistance 3, inhibited
regeneration, torment resistance 2
a: no special abilities


You were on level 2 of the Dungeon.
You visited 1 branch of the dungeon, and saw 2 of its levels.

You collected 37 gold pieces.

Inventory:

Hand Weapons
 a - a +1 dagger (weapon)
Armour
 b - a +0 robe (worn)
Scrolls
 f - a scroll of noise {unknown}
Potions
 c - a potion of invisibility
 d - a potion of curing {unknown}
 e - 2 potions of mutation {unknown}
 g - a potion of magic {unknown}
 i - a potion of haste {unknown}


   Skills:
 + Level 0.8 Short Blades
 + Level 2.0 Dodging
 + Level 3.7 Stealth
 + Level 1.8 Spellcasting
 + Level 2.6 Hexes


You had 4 spell levels left.
You didn't know any spells.
Your spell library contained the following spells:

 Spells                   Type           Power      Damage    Failure   Level
 Ensorcelled Hibernation  Hex/Ice        6%         N/A       28%         2
 Animate Skeleton         Necr           0%         N/A       32%         1
 Apportation              Tloc           0%         N/A       32%         1
 Summon Small Mammal      Summ           0%         N/A       32%         1
 Confusing Touch          Hex            6%         N/A       32%         3
 Tukima's Dance           Hex            6%         N/A       32%         3
 Dazzling Flash           Conj/Hex       6%         N/A       50%         3


Dungeon Overview and Level Annotations

Branches:
Dungeon (2/15)

Altars:


Innate Abilities, Weirdness & Mutations

You thrive by killing the living.
You are immune to poison.
You have sharp fingernails.
Your flesh is cold resistant. (rC+)
You are immune to negative energy. (rN+++)
You do not regenerate when monsters are visible.
You are immune to unholy pain and torment.


Message History

A rat comes into view.
You hit the adder.
The adder is lightly wounded.
The adder closely misses you.
You closely miss the adder.
The adder is lightly wounded.
The adder bites you but does no damage.
You hit the adder.
The adder is lightly wounded.
The adder barely misses you. The adder bites you but does no damage.
You miss the adder.
The adder is lightly wounded.
The adder completely misses you.
You miss the adder.
The adder is lightly wounded.
The adder bites you.
You barely miss the adder.
The adder is lightly wounded.
The adder bites you.
You hit the adder.
The adder is heavily wounded.
The adder barely misses you.
You barely miss the adder.
The adder is heavily wounded.
The adder closely misses you. The adder barely misses you.
You closely miss the adder.
The adder is heavily wounded.
The adder bites you.
* * * LOW HITPOINT WARNING * * *
You closely miss the adder.
The adder is heavily wounded.
The adder bites you.
* * * LOW HITPOINT WARNING * * *
You closely miss the adder. Your claw misses the adder.
The adder is heavily wounded.
The adder closely misses you.
You hit the adder.
The adder is heavily wounded.
The adder bites you.
You die...

#######
......#######
######.....o(.)#
..<...>......#o#
.....#..<....#.#
......(#######†#####
....(.........oS@..#
####(..#######.##.##
...(....<# ....#.#
#####.#### ######.#
... r# #.#. .# #.#.
.# # #. .# ..


You could see an adder, an orc and a rat.

Vanquished Creatures
  2 orcs (D:2)
  3 ball pythons (D:1)
  A goblin (D:1)
  2 hobgoblins
  3 bats
  A kobold (D:1)
12 creatures vanquished.

Notes
Turn   | Place    | Note
-------+----------+-------------------------------------------
     0 | D:1      | Tiocfaidh the Ghoul Enchanter began the quest for the Orb.
     0 | D:1      | Reached XP level 1. HP: 14/14 MP: 2/2
   250 | D:1      | Found a faded altar of an unknown god.
   697 | D:1      | Reached XP level 2. HP: 20/20 MP: 3/3
   855 | D:2      | HP: 1/20 [adder (4)]
   857 | D:2      | Slain by an adder

Illustrated notes

Levels and vault maps discovered:
D:1:      minmay_arrival_four_loops, layout_basic,
          ebering_ecumenical_altar_webs, hex_large, minmay_misc_feat_encased
D:2:      layout_basic, serial_shops, shop, roderic_roman_lattice

Skill      XL: |  1  2 |
---------------+-------+-----
Dodging        | 2 |  2.0
Short Blades   | |  0.8
Stealth        | |  3.7
Spellcasting   | |  1.8
Hexes          | |  2.6

Action                   || total
-------------------------++-------
Melee: Dagger            ||    36
Throw: Dart              ||     8
 Stab: Sleeping          ||     6
Armor: Robe              ||     4
Dodge: Dodged            ||    22
